 Dungeon Crawl Stone Soup version 0.17-a0-1378-g281efdd (webtiles) character file.

1675643 InterDimensionalOwl the Conqueror (level 27, 273/273 HPs)
             Began as a Minotaur Berserker on June 8, 2015.
             Was a High Priest of Trog.
             Escaped with the Orb
             ... and 3 runes on June 14, 2015!
             The game lasted 11:27:05 (71035 turns).

InterDimensionalOwl the Conqueror (MiBe)           Turns: 71035, Time: 11:27:06

Health: 273/273    AC: 46    Str: 28    XL:     27
Magic:  29/29      EV: 22    Int: 10    God:    Trog [*****.]
Gold:   6519       SH: 27    Dex: 19    Spells: 0 memorised, 26 levels left

rFire  + + .     SeeInvis +     a - +9 broad axe (venom)
rCold  + . .     Clarity  .     f - +5 crystal plate armour
rNeg   + + .     SustAt   .     y - +0 large shield "Iptutoih" {rF+ MR+}
rPois  +         Gourm    .     K - -2 hat of the Alchemist {rElec rPois rF+ rC+ rN+ MR+ rMut rCorr}
rElec  +         Spirit   .     t - +2 cloak
rCorr  +         Warding  +     i - +3 pair of gloves "Rosam" {+Blink Str-2 Int+4 Stlth+}
rMut   +         Stasis   .     O - +1 pair of boots {Stlth+}
MR     ++++.                    e - amulet of Xom's Malicious Joy {Ward rN+ Slay+2}
Stlth  ..........               L - +4 ring of strength
                                r - ring of see invisible

@: very slightly contaminated, incredibly resistant to hostile enchantments,
extremely unstealthy
A: retaliatory headbutt, hooves 1, horns 2, yellow scales 1, strong 1
a: Burn Spellbooks, Berserk, Trog's Hand, Brothers in Arms, Renounce Religion,
Evoke Blink
0: Orb of Zot
}: 3/15 runes: barnacled, silver, gossamer


You escaped.
You worshipped Trog.
Trog was extremely pleased with you.
You were not hungry.

You visited 8 branches of the dungeon, and saw 50 of its levels.
You visited the Abyss 2 times.
You visited 1 bazaar.
You also visited: Sewer, Ice Cave and Volcano.

You collected 7239 gold pieces.
You spent 720 gold pieces at shops.

Inventory:

Hand weapons
 a - a +9 broad axe of venom (weapon)
 b - a +2 broad axe of flaming
 l - a +2 antimagic battleaxe
Missiles
 Z - 15 javelins of penetration (quivered)
Armour
 f - a +5 crystal plate armour (worn)
 i - the +3 pair of gloves "Rosam" (worn) {+Blink Str-2 Int+4 Stlth+}
   (You acquired it on level 1 of the Lair of Beasts)

   It affects your strength (-2).
   It affects your intelligence (+4).
   It lets you blink.
   It makes you more stealthy.
 t - a +2 cloak (worn)
 y - the +0 large shield "Iptutoih" (worn) {rF+ MR+}
   (You found it on level 5 of the Vaults)

   It protects you from fire.
   It affects your resistance to hostile enchantments.
 K - the -2 hat of the Alchemist (worn) {rElec rPois rF+ rC+ rN+ MR+ rMut rCorr}
   (You found it in an ice cave)

   It protects you from fire.
   It protects you from cold.
   It insulates you from electricity.
   It protects you from poison.
   It protects you from negative energy.
   It affects your resistance to hostile enchantments.
   It protects you from acid and corrosion.
   It protects you from mutation.
 O - a +1 pair of boots of stealth (worn)
Jewellery
 e - the amulet of Xom's Malicious Joy (around neck) {Ward rN+ Slay+2}
   (You acquired it on level 1 of the Lair of Beasts)

   [amulet of warding]

   It may prevent the melee attacks of summoned creatures.
   It affects your accuracy and damage with ranged weapons and melee attacks
   (+2).
   It protects you from negative energy.
 r - a ring of see invisible (left hand)
 J - an uncursed ring of sustain attributes
 L - a +4 ring of strength (right hand)
 V - an uncursed ring of ice {unknown}
Magical devices
 n - a wand of slowing (10)
 o - a wand of invisibility (8)
 w - a wand of disintegration (15)
 x - a wand of disintegration (5)
 E - a wand of magic darts (24)
 M - a wand of flame (24)
 Q - a wand of flame (21)
 S - a wand of fireball (1)
Scrolls
 c - 7 scrolls of teleportation
 j - 3 scrolls of magic mapping
 k - 2 scrolls of fear
 q - 3 scrolls of silence
 s - 23 scrolls of remove curse
 u - a scroll of recharging
 D - 27 scrolls of identify
 F - 10 scrolls of blinking
 H - a scroll of enchant weapon
 U - 2 scrolls of holy word
Potions
 d - a potion of heal wounds
 g - a potion of magic
 m - 6 potions of haste
 p - a potion of cancellation
 v - 7 potions of might
 C - 21 potions of curing
 G - 4 potions of resistance
 I - a potion of agility
 N - 5 potions of cure mutation
 R - 3 potions of flight
Miscellaneous
 h - a lamp of fire
 z - a disc of storms
 P - a phial of floods
Comestibles
 A - 28 fruits
 B - 4 bread rations
 T - a royal jelly


   Skills:
 O Level 27 Fighting
 - Level 18.0 Axes
 - Level 23.6 Armour
 + Level 23.9 Dodging
 + Level 25.5 Shields
 - Level 10.0 Evocations


You had 26 spell levels left.
You didn't know any spells.

Dungeon Overview and Level Annotations

Branches:
Dungeon (15/15)            Temple (0/1) D:7            Lair (8/8) D:8
 Shoals (4/4) Lair:3       Spider (4/4) Lair:5        Slime (0/6) Lair:7
    Orc (4/4) D:10            Elf (0/3) Orc:4        Vaults (5/5) D:13
  Crypt (0/3) Vaults:2     Depths (5/5) D:15            Zot (5/5) Depths:5

Altars:
Ashenzari
Dithmenos
Elyvilon
Fedhas
Gozag
Makhleb
Okawaru
Qazlal
Vehumet
Xom
Yredelemnul
Zin
Beogh

Shops:
D:6 *!   Orc:2 !(=[   Orc:4 =[([   Vaults:1 =   Depths:4 %

Portals:
Hell: Depths:1 Depths:2 Depths:3 Depths:4 Depths:5
Abyss: Depths:2 Depths:4 Depths:5
Pandemonium: Depths:3 Depths:4
Ziggurat: Depths:2


Innate Abilities, Weirdness & Mutations

You reflexively headbutt those who attack you in melee.
You have a pair of horns on your head.
You have large cloven feet.
You are partially covered in yellow scales (AC +2).
Your muscles are strong. (Str +2)


Message History

(Z) Zot
Where to? (Enter - D:1, ? - help)
There is a stone staircase leading up here.
You climb upwards.
There is a stone staircase leading down here.
An ice devil comes into view.
You see here 17 arrows.
You slash the ice devil! You headbutt the ice devil!
The ice devil is moderately wounded.
You block the ice devil's attack.
You closely miss the ice devil. You headbutt the ice devil!
The ice devil is heavily wounded.
You block the ice devil's attack.
You completely miss the ice devil. You headbutt the ice devil.
The ice devil is severely wounded.
You slice the ice devil!!
You kill the ice devil!
Trog accepts your kill.
There is a staircase leading out of the dungeon here.
You have escaped!

#.# #..# #.# #.# ##.#
#.# #.# ##.###.#
#####[#####...##.# ##
#).##..##..(#.##.# #.
#..##..##...#..#.# #.
###..##..#####.#)# #.
###..##..### #.#.# ##
#..##.@##..# #...#
#..##..##..# ##..#
###[.##..### #..######
###..##..### #.......#
#..##..##..# ##..###.#
#..##..##..### #.>#
#รท# ##.#########.#
#>.###.# #...........#
#......#
###########.###.......


There were no monsters in sight!

Vanquished Creatures
  2 orbs of fire (Zot:5)
  3 ancient liches
  Frederick (Vaults:2)
  5 caustic shrikes
  5 Killer Klowns
  4 curse toes
  9 golden dragons
  Nikola (Spider:3)
  the Enchantress (Depths:3)
  Arachne (Spider:3)
  5 liches
  2 electric golems (Zot:5)
  A quicksilver dragon (Vaults:4)
  22 Orb Guardians
  19 tentacled monstrosities
  8 titans
  7 sphinxes
  A kraken (Shoals:4)
  An Executioner (Abyss:1)
  A tentacled starspawn (Abyss:1)
  An ancient champion (Vaults:2)
  Gastronok (Orc:1)
  8 shadow dragons
  Frances (D:14)
  7 tengu reavers
  3 octopode crushers
  Kirke (Spider:1)
  10 storm dragons
  4 draconian monks
  Ilsuiw (Shoals:4)
  17 fire giants
  7 ghost moths
  Donald (Spider:3)
  16 vault wardens
  7 draconian knights
  3 orc warlords
  Maud (Lair:4)
  2 iron dragons (Depths:5)
  3 deep elf sorcerers
  21 frost giants
  4 draconian scorchers
  8 emperor scorpions
  A balrug (Depths:1)
  5 draconian shifters
  A curse skull (Vaults:2)
  6 spriggan defenders
  A reaper (Depths:3)
  3 draconian zealots
  4 draconian annihilators
  3 vampire knights
  22 very ugly things
  20 stone giants
  A war gargoyle (Vaults:4)
  22 ironheart preservers
  11 green draconians
  Nessos (Orc:4)
  2 draconian callers
  15 black draconians
  3 deep elf demonologists
  5 mottled draconians
  4 purple draconians
  4 white draconians
  6 yellow draconians
  3 deep elf annihilators
  7 red draconians
  The ghost of BenDover the Martial Artist, a powerful OpTm of Cheibriados (Lair:5)
  The ghost of asdu the Severer, a powerful VSBe of Trog (Orc:4)
  8 ettins
  Snorg (Orc:3)
  A deep elf death mage (Depths:5)
  5 merfolk javelineers
  The ghost of HEYYEYAAE the Zephyrmancer, a powerful HuAE of Vehumet (D:12)
  2 merfolk impalers
  12 yaktaur captains
  39 vault guards
  15 fire dragons
  9 great orbs of eyes
  A crystal guardian (Abyss:1)
  7 death cobs
  2 deep elf high priests (Vaults:5)
  9 entropy weavers
  A minotaur (Depths:3)
  Harold (Lair:1)
  13 hydras
  6 rakshasas
  21 ice dragons
  A ghost crab (shapeshifter) (Vaults:4)
  7 spriggan air magi
  2 naga warriors (Depths:3)
  13 ogre magi
  4 merfolk aquamancers (Shoals:4)
  3 salamander stormcallers
  A merfolk avatar (Shoals:2)
  9 deep troll shamans
  2 dancing weapons (Vaults:4)
  A vampire mage (Depths:3)
  The ghost of Charly the Cleaver, an experienced DsSk of Ashenzari (Volcano)
  10 death yaks
  A queen ant (Lair:8)
  12 centaur warriors
  A hell hog (Abyss:1)
  5 tengu warriors
  A thrashing horror (Abyss:1)
  Urug (D:10)
  11 spriggan berserkers
  9 deep troll earth magi
  14 small abominations
  Sonja (Lair:4)
  8 deep elf knights
  6 hell knights
  2 sun demons (Depths:1)
  2 wretched stars (Abyss:1)
  A salamander mystic (Depths:3)
  2 iron trolls
  A shadow demon (Depths:1)
  An ice devil (D:1)
  27 deep trolls
  3 giant orange brains
  A deep elf summoner (Vaults:2)
  4 unseen horrors
  An unseen horror (shapeshifter) (Depths:5)
  2 wizards
  4 flayed ghosts
  10 sea snakes
  3 shadow wraiths
  A swamp dragon (shapeshifter) (Depths:5)
  An ice statue (IceCv)
  5 phantasmal warriors
  12 orb spiders
  20 orc knights
  15 ironbrand convokers
  26 harpies
  2 deep elf conjurers
  2 necromancers
  9 griffons
  A wolf spider zombie (D:13)
  A frost giant zombie (Abyss:1)
  38 wolf spiders
  3 fauns (Shoals:2)
  A cyclops (shapeshifter) (Vaults:2)
  10 hill giants
  7 hornets
  4 orc sorcerers
  57 ugly things
  2 hornets (shapeshifter)
  4 water nymphs
  12 cyclopes
  9 manticores
  A salamander (shapeshifter) (Vaults:5)
  4 centaur zombies
  Maurice (D:13)
  20 vault sentinels
  3 black mambas
  2 sixfirhies
  Joseph (D:9)
  26 moths of wrath
  A draconian skeleton (Zot:4)
  3 naga magi (Depths:3)
  8 spiny frogs
  An orange demon (Abyss:1)
  3 torpor snails (Spider:1)
  2 orange crystal statues
  5 sirens
  2 gargoyles (D:13)
  2 smoke demons (Abyss:1)
  2 efreet (D:14)
  A black mamba (shapeshifter) (Depths:5)
  2 centaur skeletons (D:15)
  A fire drake (shapeshifter) (Vaults:3)
  A redback zombie (D:14)
  A kobold demonologist (Depths:1)
  47 yaktaurs
  An ancient zyme (Abyss:1)
  4 tengu conjurers
  5 komodo dragons
  9 freezing wraiths
  7 demonic crawlers
  3 fire drakes
  A green draconian skeleton (Zot:4)
  2 spriggan druids (Lair:8)
  6 deep elf priests
  A wind drake (Shoals:1)
  6 fire vortices
  9 boulder beetles
  6 trolls
  A blink frog (shapeshifter) (Vaults:3)
  17 merfolk
  A troll (shapeshifter) (Depths:1)
  Grinder (D:4)
  23 polar bears
  16 slime creatures
  19 two-headed ogres
  A two-headed ogre (shapeshifter) (Depths:5)
  25 jumping spiders
  A hornet zombie (D:13)
  A stone giant simulacrum (Vaults:2)
  A fire giant simulacrum (Vaults:2)
  9 blink frogs
  4 raiju (Abyss:1)
  A redback (shapeshifter) (D:13)
  A shadow (D:12)
  40 redbacks
  Sigmund (D:2)
  3 wyverns
  23 trapdoor spiders
  5 air elementals
  8 snapping turtles
  An ice dragon skeleton (Zot:4)
  21 flying skulls
  A fire bat (shapeshifter) (Vaults:4)
  A ynoxinul (Abyss:1)
  12 deep elf fighters
  6 deep elf magi
  2 fire bats (Volcano)
  A spriggan (shapeshifter) (Vaults:3)
  20 tarantellas
  10 water elementals
  7 wraiths
  A hungry ghost (D:10)
  62 yaks
  4 vampires
  3 hogs (Spider:1)
  5 basilisks
  A mottled dragon (shapeshifter) (Vaults:1)
  16 spriggans
  9 hippogriffs
  6 chaos spawn
  A steam dragon (D:14)
  2 neqoxecs (Abyss:1)
  48 wolves
  5 soldier ants
  An insubstantial wisp (Abyss:1)
  22 vampire mosquitoes
  3 sky beasts
  11 water moccasins
  14 porcupines
  4 wargs
  4 phantoms
  A swamp drake (D:10)
  14 wasps
  2 eyes of draining
  36 spiders
  8 black bears
  53 orc warriors
  A necrophage (D:10)
  42 ogres
  11 ice beasts
  14 boggarts
  7 large abominations
  A big kobold (shapeshifter) (Vaults:5)
  The ghost of PeterLawrence the Cudgeler, an average GrFi (D:3)
  16 crocodiles
  23 centaurs
  4 big kobolds
  2 brain worms
  20 giant frogs
  2 wyvern zombies
  8 scorpions
  A wyvern skeleton (D:9)
  17 wights
  11 killer bees
  A quasit (Abyss:1)
  7 electric eels
  10 hounds
  A giant frog zombie (D:5)
  6 human zombies (D:7)
  6 starcursed masses (Abyss:1)
  2 gnoll shamans
  2 iron imps
  7 crimson imps
  6 jellies
  Ijyb (D:2)
  A human skeleton (D:7)
  44 orc priests
  7 giant frog skeletons
  14 iguanas
  32 worker ants
  43 orc wizards
  25 sheep
  A boulder beetle simulacrum (Vaults:1)
  2 worker ant zombies
  A mummy (D:10)
  Robin (D:3)
  16 gnolls
  13 adders
  39 river rats
  5 shadow imps
  A gnoll (shapeshifter) (Vaults:5)
  A white imp (Abyss:1)
  An ufetubus (D:5)
  14 oozes
  2 adder zombies
  An adder skeleton (D:6)
  A worm (D:5)
  257 orcs
  12 ball pythons
  15 bats
  4 bat skeletons
  14 giant cockroaches
  38 goblins
  32 hobgoblins
  30 kobolds
  3 quokkas
  17 giant geckos
  2 giant gecko zombies
  9 giant newts
  3 jackals
  A jackal skeleton (D:4)
  A lurking horror (Abyss:1)
  A quokka skeleton (D:4)
  16 rats
  3 butterflies
  A crawling corpse (Vaults:5)
  7 fungi
  11 plants
  2 tentacles (Shoals:4)
2756 creatures vanquished.

Vanquished Creatures (collateral kills)
  2 tentacled monstrosities
  Asterion (Spider:2)
  An Orb Guardian (Zot:5)
  Agnes (Spider:1)
  2 fire giants
  A frost giant (Depths:3)
  2 vault wardens (Vaults:2)
  3 emperor scorpions
  2 draconian shifters (Zot:2)
  An ironheart preserver (Vaults:5)
  2 merfolk javelineers (Shoals:4)
  2 ettins (Vaults:5)
  A deep elf death mage (Vaults:3)
  A merfolk impaler (Shoals:4)
  A fire dragon (shapeshifter) (Vaults:5)
  A yaktaur captain (Vaults:5)
  A vault guard (Vaults:1)
  2 entropy weavers
  A centaur warrior (Vaults:3)
  2 rakshasas
  An alligator snapping turtle (Shoals:4)
  Erica (D:8)
  2 merfolk avatars (Shoals:4)
  3 merfolk aquamancers (Shoals:4)
  A tengu warrior (Depths:4)
  2 harpies (Shoals:4)
  An orc knight (Orc:4)
  3 orb spiders
  3 wolf spiders
  A deep elf conjurer (Vaults:4)
  A griffon (Shoals:4)
  A manticore (Shoals:4)
  An ugly thing (D:7)
  A siren (Shoals:4)
  A demonic crawler (Spider:4)
  2 deep elf priests
  A polar bear (Lair:8)
  A freezing wraith (Vaults:4)
  5 merfolk (Shoals:4)
  A snapping turtle (Shoals:4)
  2 boulder beetles
  9 redbacks
  3 tarantellas
  4 water elementals (Shoals:4)
  3 spriggans (Lair:8)
  2 trapdoor spiders
  A hippogriff (D:7)
  A warg (Orc:4)
  4 orc warriors
  2 black bears (Lair:8)
  2 centaurs (Vaults:3)
  2 ogres (Vaults:2)
  A boggart (Depths:1)
  7 orc priests
  An adder skeleton (D:8)
  6 orcs
  A bat (D:9)
114 creatures vanquished.

Vanquished Creatures (others)
  An ancient lich (Zot:5)
  An Orb Guardian (Zot:5)
  A quicksilver dragon (Vaults:4)
  An eldritch tentacle (Zot:5)
  2 tengu reavers (Vaults:5)
  A fire giant (Depths:5)
  2 vault wardens (Vaults:5)
  A frost giant (Vaults:5)
  A deep elf sorcerer (Abyss:1)
  A draconian scorcher (Zot:3)
  A draconian zealot (Zot:5)
  A very ugly thing (Depths:1)
  A deep elf demonologist (Vaults:5)
  A purple draconian (Zot:4)
  A white draconian (Zot:5)
  A deep elf high priest (Vaults:5)
  A yaktaur captain (Vaults:2)
  An ice dragon (Zot:4)
  A salamander stormcaller (Vaults:2)
  An obsidian statue (Zot:5)
  2 necromancers (Depths:1)
  A moth of wrath (Zot:5)
  A cyclops (Vaults:2)
  3 vault sentinels (Vaults:5)
  A large abomination (Abyss:1)
  A kobold demonologist (Vaults:2)
  A yaktaur (Vaults:5)
  A freezing wraith (Vaults:5)
  A polar bear (IceCv)
  A fire vortex (Vaults:2)
  A yak (Lair:7)
  A human (Spider:1)
  A boggart (Depths:1)
  A centaur (Vaults:2)
  108 eldritch tentacle segments (Zot:5)
  A fulminant prism (Depths:1)
  5 fungi
  13 plants
  4 starspawn tentacles (Abyss:1)
  47 starspawn tentacle segments (Abyss:1)
  4 tentacles (Shoals:4)
  9 tentacle segments (Shoals:4)
230 creatures vanquished.

Grand Total: 3100 creatures vanquished

Notes
Turn   | Place    | Note
--------------------------------------------------------------
     0 | D:1      | InterDimensionalOwl the Minotaur Berserker began the quest for the Orb.
     0 | D:1      | Reached XP level 1. HP: 19/19 MP: 0/0
   147 | D:1      | Reached skill level 4 in Axes
   147 | D:1      | Reached XP level 2. HP: 25/27 MP: 1/1
   536 | D:2      | Found a blossoming altar of Fedhas.
   538 | D:2      | Noticed Sigmund
   549 | D:2      | Killed Sigmund
   549 | D:2      | Reached skill level 5 in Fighting
   549 | D:2      | Reached skill level 5 in Axes
   549 | D:2      | Reached XP level 3. HP: 8/37 MP: 2/2
   549 | D:2      | Reached XP level 4. HP: 9/44 MP: 3/3
   549 | D:2      | Reached XP level 5. HP: 10/50 MP: 4/4
   934 | D:2      | Acquired Trog's second power
  1038 | D:2      | Reached skill level 6 in Axes
  1378 | D:2      | Noticed Ijyb
  1392 | D:2      | Killed Ijyb
  1518 | D:2      | Found a glowing silver altar of Zin.
  1714 | D:3      | Reached XP level 6. HP: 45/57 MP: 5/5
  1715 | D:3      | Noticed PeterLawrence's ghost (average GrFi)
  1749 | D:3      | Killed PeterLawrence's ghost
  1918 | D:3      | Noticed Robin
  1934 | D:3      | Killed Robin
  1982 | D:3      | Reached skill level 7 in Axes
  2761 | D:4      | Noticed Grinder
  2767 | D:4      | Paralysed by Grinder for 6 turns
  2775 | D:4      | Killed Grinder
  2775 | D:4      | Reached XP level 7. HP: 66/66 MP: 6/6
  2779 | D:4      | Acquired Trog's third power
  2886 | D:4      | Found a glowing drain.
  2894 | Sewer    | Entered a sewer
  3016 | Sewer    | Reached skill level 8 in Axes
  3412 | D:4      | Reached XP level 8. HP: 66/75 MP: 7/7
  3439 | D:4      | Got a bound copper ring
  3490 | D:4      | Found an iron altar of Okawaru.
  3530 | D:4      | Received a gift from Trog
  3547 | D:4      | Reached skill level 9 in Axes
  3937 | D:5      | Entered Level 5 of the Dungeon
  4019 | D:5      | Found a burning altar of Makhleb.
  4397 | D:5      | Reached skill level 10 in Axes
  4511 | D:5      | Reached skill level 10 in Fighting
  4901 | D:6      | Found Ruefiff's Distillery.
  4957 | D:6      | Reached XP level 9. HP: 76/86 MP: 8/8
  5231 | D:6      | Reached skill level 11 in Axes
  5476 | D:6      | Bought a potion of heal wounds for 65 gold pieces
  5476 | D:6      | Bought a potion of heal wounds for 65 gold pieces
  5476 | D:6      | Bought a potion of curing for 39 gold pieces
  5476 | D:6      | Bought a potion of heal wounds for 65 gold pieces
  5478 | D:6      | Gained mutation: You are partially covered in yellow scales (AC +2). [potion of beneficial mutation]
  5681 | D:6      | Received a gift from Trog
  6248 | D:6      | Found Woxoejuq's Elemental Accessories.
  6547 | D:6      | Reached skill level 12 in Axes
  6683 | D:7      | Found a shimmering altar of Xom.
  6683 | D:7      | Found a white marble altar of Elyvilon.
  6683 | D:7      | Found a stormy altar of Qazlal.
  6992 | D:7      | Reached XP level 10. HP: 51/97 MP: 9/9
  7542 | D:7      | Found a staircase to the Ecumenical Temple.
  7550 | D:7      | Got an ivory war axe
  7551 | D:7      | Identified the +5 war axe of Woe {drain, Str-5 Int+6 SInv} (You found it on level 7 of the Dungeon)
  7629 | D:7      | Reached skill level 5 in Armour
  7640 | D:7      | Found a basalt altar of Yredelemnul.
  7797 | D:7      | Reached skill level 13 in Axes
  8245 | D:7      | Noticed a cyan ugly thing
  8254 | D:7      | Killed a cyan ugly thing
  8758 | D:8      | Received a gift from Trog
  8810 | D:8      | Noticed Erica
  8835 | D:8      | Killed Erica
  9108 | D:9      | Reached skill level 14 in Axes
  9474 | D:8      | Reached XP level 11. HP: 104/104 MP: 10/10
  9535 | D:8      | Found a staircase to the Lair.
 10011 | D:8      | Identified the cursed ring "Xyav Ogy" {rPois Int-2} (You found it on level 4 of the Dungeon)
 10145 | Lair:1   | Entered Level 1 of the Lair of Beasts
 10312 | Lair:1   | Noticed a five-headed hydra
 10320 | Lair:1   | Killed a three-headed hydra
 10483 | Lair:1   | Reached skill level 15 in Axes
 10498 | Lair:1   | Noticed a four-headed hydra
 10510 | Lair:1   | Killed a one-headed hydra
 10597 | Lair:1   | Noticed a six-headed hydra
 10607 | Lair:1   | Killed a two-headed hydra
 10652 | Lair:1   | Noticed Harold
 10679 | Lair:1   | Killed Harold
 10679 | Lair:1   | Reached skill level 16 in Axes
 10981 | Lair:1   | Reached skill level 1 in Evocations
 11722 | Lair:2   | Reached skill level 10 in Armour
 11980 | Lair:2   | Upgraded the game from 0.17-a0-1311-gbcbd859 to 0.17-a0-1337-ge651487
 12016 | Lair:3   | Identified a scroll of acquirement
 12178 | Lair:3   | Found a staircase to the Shoals.
 12261 | Lair:3   | Found a dark tunnel.
 12272 | Volcano  | Entered a volcano
 12277 | Volcano  | Noticed Charly's ghost (experienced DsSk)
 12287 | Volcano  | Killed Charly's ghost
 12287 | Volcano  | Reached XP level 12. HP: 107/112 MP: 13/13
 13029 | Lair:3   | Noticed a seven-headed hydra
 13035 | Lair:3   | Killed a four-headed hydra
 13035 | Lair:3   | Reached skill level 5 in Dodging
 13658 | Lair:4   | Reached skill level 1 in Shields
 13751 | Lair:4   | Noticed Maud
 13772 | Lair:4   | Killed Maud
 13772 | Lair:4   | Reached skill level 5 in Shields
 14327 | Lair:4   | Received a gift from Trog
 14554 | Lair:4   | Noticed Sonja
 14735 | Lair:4   | Found a staircase to the Snake Pit.
 14900 | Lair:4   | Killed Sonja
 15216 | Lair:5   | Noticed BenDover's ghost (powerful OpTm)
 15258 | Lair:5   | Killed BenDover's ghost
 15327 | Lair:5   | Found a hole to the Spider Nest.
 15498 | Lair:5   | Noticed a six-headed hydra
 15512 | Lair:5   | Killed a three-headed hydra
 15512 | Lair:5   | Reached skill level 17 in Axes
 15512 | Lair:5   | Reached XP level 13. HP: 111/119 MP: 4/14
 16524 | Lair:6   | Reached skill level 18 in Axes
 17074 | Lair:7   | Found a shadowy altar of Dithmenos.
 17216 | Lair:7   | Received a gift from Trog
 17437 | Lair:7   | Reached skill level 10 in Shields
 17590 | Lair:7   | Found a staircase to the Slime Pits.
 17604 | Lair:7   | Got a crude pewter ring
 18112 | Lair:8   | Entered Level 8 of the Lair of Beasts
 18383 | Lair:8   | Received a gift from Trog
 18542 | Lair:8   | Reached XP level 14. HP: 89/132 MP: 11/15
 19431 | Lair:8   | Received a gift from Trog
 19844 | Lair:1   | Identified the cursed ring of Lacluc {rC+ Str-2 Int-3 Slay+6} (You found it on level 7 of the Lair of Beasts)
 19918 | D:9      | Found a shadowy altar of Dithmenos.
 20162 | D:9      | Noticed Joseph
 20172 | D:9      | Killed Joseph
 20414 | D:10     | Entered Level 10 of the Dungeon
 20427 | D:10     | Noticed Urug
 20433 | D:10     | Killed Urug
 20623 | D:10     | Reached skill level 15 in Fighting
 20637 | D:10     | Found a staircase to the Orcish Mines.
 21263 | Orc:1    | Entered Level 1 of the Orcish Mines
 21436 | Orc:1    | Noticed Gastronok
 21454 | Orc:1    | Killed Gastronok
 21454 | Orc:1    | Received a gift from Trog
 21459 | Orc:1    | Found a roughly hewn altar of Beogh.
 21672 | Orc:2    | Found Siakhai's Distillery.
 21759 | Orc:2    | Found Etaunaump's Jewellery Boutique.
 21815 | Orc:2    | Found Wulu's Armour Boutique.
 21824 | Orc:2    | Found Egokhy's Antique Weapon Boutique.
 21858 | Orc:2    | Bought a +2 cloak for 231 gold pieces
 21858 | Orc:2    | Bought a +0 pair of gloves of dexterity for 161 gold pieces
 22465 | Orc:3    | Found a frozen archway.
 22518 | IceCv    | Entered an ice cave
 22537 | IceCv    | Reached skill level 15 in Shields
 22598 | IceCv    | Received a gift from Trog
 22911 | IceCv    | Noticed a frost giant
 22938 | IceCv    | Killed a frost giant
 22943 | IceCv    | Reached XP level 15. HP: 118/141 MP: 16/16
 23154 | Orc:3    | Noticed Snorg
 23164 | Orc:3    | Killed Snorg
 23318 | Orc:3    | Received a gift from Trog
 23483 | Orc:3    | Found a roughly hewn altar of Beogh.
 24009 | Orc:2    | Noticed Fannar
 24214 | Orc:4    | Entered Level 4 of the Orcish Mines
 24496 | Orc:4    | Found a staircase to the Elven Halls.
 24542 | Orc:4    | Received a gift from Trog
 24577 | Orc:4    | Found a roughly hewn altar of Beogh.
 24614 | Orc:4    | Noticed asdu's ghost (powerful VSBe)
 24621 | Orc:4    | Killed asdu's ghost
 24752 | Orc:4    | Found a roughly hewn altar of Beogh.
 24763 | Orc:4    | Found Fovinwur's Antique Armour Boutique.
 24983 | Orc:4    | Found a roughly hewn altar of Beogh.
 25111 | Orc:4    | Found a roughly hewn altar of Beogh.
 25175 | Orc:4    | Found a roughly hewn altar of Beogh.
 25189 | Orc:4    | Received a gift from Trog
 25196 | Orc:4    | Found Zonofobe's Jewellery Shoppe.
 25444 | Orc:4    | Noticed Nessos
 25455 | Orc:4    | Killed Nessos
 25517 | Orc:4    | Received a gift from Trog
 25528 | Orc:4    | Found a roughly hewn altar of Beogh.
 25528 | Orc:4    | Found Didem's Antique Weapon Boutique.
 25533 | Orc:4    | Found Femnajugh's Antique Armour Shop.
 26370 | Spider:1 | Entered Level 1 of the Spider Nest
 26477 | Spider:1 | Noticed Kirke
 26491 | Spider:1 | Killed Kirke
 26529 | Spider:1 | Reached skill level 5 in Evocations
 26888 | Spider:1 | Noticed Agnes
 26899 | Spider:1 | Killed Agnes
 26908 | Spider:1 | Received a gift from Trog
 27252 | Spider:2 | Noticed Asterion
 27267 | Spider:2 | Killed Asterion
 27349 | Spider:2 | Upgraded the game from 0.17-a0-1337-ge651487 to 0.17-a0-1368-g6ab37f2
 27640 | Spider:2 | Reached XP level 16. HP: 143/155 MP: 0/19
 27949 | Spider:2 | Received a gift from Trog
 28307 | Spider:3 | Noticed Donald
 28321 | Spider:3 | Killed Donald
 28329 | Spider:3 | Got an ancient shield
 28394 | Spider:3 | Identified the +0 shield of Shadows and Fog {-Tele rElec Int+2 Stlth+} (You took it off Donald on level 3 of the Spider Nest)
 28729 | Spider:3 | Reached skill level 15 in Armour
 28758 | Spider:3 | Gained mutation: Your muscles are strong. (Str +2) [potion of beneficial mutation]
 29058 | Spider:3 | Noticed Nikola
 29072 | Spider:3 | Killed Nikola
 29308 | Spider:3 | Noticed Arachne
 29322 | Spider:3 | Killed Arachne
 29515 | Spider:4 | Entered Level 4 of the Spider Nest
 29659 | Spider:4 | Received a gift from Trog
 29911 | Spider:4 | Reached skill level 19 in Fighting
 30058 | Spider:4 | Got a gossamer rune of Zot
 30091 | Spider:4 | Reached XP level 17. HP: 152/168 MP: 20/20
 30941 | Lair:1   | Got a pair of crude gloves
 30962 | Lair:1   | Identified the +3 pair of gloves "Rosam" {+Blink Str-2 Int+4 Stlth+} (You acquired it on level 1 of the Lair of Beasts)
 32454 | D:12     | Received a gift from Trog
 32528 | D:12     | Noticed HEYYEYAAE's ghost (powerful HuAE)
 32535 | D:12     | Killed HEYYEYAAE's ghost
 33303 | D:13     | Noticed Maurice
 33308 | D:13     | Killed Maurice
 33947 | D:13     | Found a gate to the Vaults.
 34244 | D:14     | Received a gift from Trog
 34818 | D:14     | Noticed Frances
 34828 | D:14     | Killed Frances
 34828 | D:14     | Reached skill level 20 in Fighting
 34875 | D:15     | Entered Level 15 of the Dungeon
 35362 | D:15     | Found a staircase to the Depths.
 35914 | D:13     | Received a gift from Trog
 36326 | Shoals:1 | Entered Level 1 of the Shoals
 37211 | Shoals:4 | Entered Level 4 of the Shoals
 37221 | Shoals:4 | Reached XP level 18. HP: 166/180 MP: 24/24
 37313 | Shoals:4 | Upgraded the game from 0.17-a0-1368-g6ab37f2 to 0.17-a0-1373-g64d4c99
 37356 | Shoals:4 | Received a gift from Trog
 37450 | Shoals:4 | Reached skill level 10 in Evocations
 37907 | Shoals:4 | Reached skill level 21 in Fighting
 38282 | Shoals:4 | Noticed Ilsuiw
 38387 | Shoals:4 | Killed Ilsuiw
 38666 | Shoals:4 | Received a gift from Trog
 38745 | Shoals:4 | Got a barnacled rune of Zot
 39558 | Lair:1   | Got a sparkling ruby amulet
 39560 | Lair:1   | Identified the amulet of Xom's Malicious Joy {Ward rN+ Slay+2} (You acquired it on level 1 of the Lair of Beasts)
 39775 | Vaults:1 | Entered Level 1 of the Vaults
 40064 | Vaults:1 | Found Zuras's Jewellery Boutique.
 40485 | Vaults:1 | Reached skill level 10 in Dodging
 40575 | Vaults:1 | Reached XP level 19. HP: 164/191 MP: 25/25
 41127 | Vaults:1 | Received a gift from Trog
 42023 | Vaults:2 | Received a gift from Trog
 42729 | Vaults:2 | Received a gift from Trog
 42972 | Vaults:2 | Reached skill level 15 in Dodging
 43208 | Vaults:2 | Noticed Frederick
 43216 | Vaults:2 | Killed Frederick
 43258 | Vaults:2 | Found a staircase to the Crypt.
 43903 | Vaults:3 | Reached XP level 20. HP: 200/200 MP: 26/26
 44048 | Vaults:3 | Received a gift from Trog
 44162 | Vaults:3 | Reached skill level 22 in Fighting
 45092 | Vaults:4 | Received a gift from Trog
 45147 | Vaults:4 | Found a flickering gateway to a bazaar.
 45153 | Bazaar   | Entered a bazaar
 45153 | Bazaar   | Found Dehen's Antique Weapon Boutique.
 45153 | Bazaar   | Found Tuashrukk's Antique Armour Shop.
 45153 | Bazaar   | Found Wutaul's Weapon Shop.
 45165 | Bazaar   | Bought a pair of glowing boots for 94 gold pieces
 45529 | Vaults:4 | Found an opulent altar of Gozag.
 45647 | Vaults:4 | Reached skill level 23 in Fighting
 45926 | Vaults:4 | Received a gift from Trog
 45929 | Vaults:4 | Got an ancient hand axe {god gift}
 45957 | Vaults:4 | Identified the +2 hand axe "Mats" {speed, +Rage Str+3} (Trog gifted it to you on level 4 of the Vaults)
 46693 | Depths:1 | Entered Level 1 of the Depths
 47462 | Depths:1 | Found a gateway to Hell.
 47468 | Depths:1 | Reached XP level 21. HP: 212/212 MP: 27/27
 47758 | Depths:1 | Received a gift from Trog
 48474 | Depths:1 | Reached skill level 24 in Fighting
 48689 | Depths:2 | Found a one-way gate to the infinite horrors of the Abyss.
 49406 | Depths:2 | Found a gateway to a ziggurat.
 49549 | Depths:3 | Found a shattered altar of Ashenzari.
 49557 | Depths:3 | Found a one-way gate leading to the halls of Pandemonium.
 49810 | Depths:3 | Received a gift from Trog
 52172 | Depths:3 | Received a gift from Trog
 52265 | Depths:3 | Reached XP level 22. HP: 222/222 MP: 28/28
 52374 | Depths:3 | Noticed the Enchantress
 52392 | Depths:3 | Killed the Enchantress
 52395 | Depths:3 | Got a faerie dragon armour
 53191 | Depths:4 | Received a gift from Trog
 53591 | Depths:4 | Found Laod's Food Boutique.
 54089 | Depths:5 | Entered Level 5 of the Depths
 54112 | Depths:5 | Reached skill level 25 in Fighting
 54217 | Depths:5 | Received a gift from Trog
 54488 | Depths:5 | Found a gate to the Realm of Zot.
 54764 | Depths:5 | Found a white marble altar of Elyvilon.
 54765 | Depths:5 | Found a radiant altar of Vehumet.
 54879 | Depths:5 | Found a basalt altar of Yredelemnul.
 54934 | Depths:5 | Reached XP level 23. HP: 201/234 MP: 29/29
 55345 | Depths:5 | Received a gift from Trog
 55790 | Depths:5 | Got a brightly glowing plate armour
 55802 | Depths:5 | Identified the Tome of Confrontation and the Frostbite
 56297 | Depths:5 | Cast into the Abyss (a deep elf demonologist)
 56297 | Abyss:1  | Found a corrupted altar of Lugonu.
 56653 | Depths:5 | Escaped the Abyss
 57045 | Depths:5 | Received a gift from Trog
 57068 | Depths:5 | Got an ivory hand axe
 57073 | Depths:5 | Identified the +1 hand axe of the Extremes {freeze, Dex+2} (You took it off a spriggan air mage on level 5 of the Depths)
 57800 | Lair:1   | Identified the cursed +1 plate armour of Inviolability {Str+3 Int+4} (You found it on level 5 of the Depths)
 57865 | Lair:1   | Cast into the Abyss (a distortion unwield)
 57865 | Abyss:1  | Found a corrupted altar of Lugonu.
 57935 | Abyss:1  | Found a snail-covered altar of Cheibriados.
 57954 | Abyss:1  | Reached skill level 26 in Fighting
 58203 | Abyss:1  | Paralysed by accursed screaming for 1 turns
 58321 | Lair:1   | Escaped the Abyss
 58844 | Vaults:5 | Entered Level 5 of the Vaults
 58880 | Vaults:4 | Reached XP level 24. HP: 230/245 MP: 29/29
 58961 | Vaults:4 | Received a gift from Trog
 59093 | Vaults:5 | Noticed an ancient lich
 59453 | Vaults:4 | Killed an ancient lich
 60071 | Vaults:4 | Reached skill level 27 in Fighting
 60225 | Vaults:4 | Upgraded the game from 0.17-a0-1373-g64d4c99 to 0.17-a0-1378-g281efdd
 60892 | Vaults:5 | Got a shimmering large shield
 60903 | Vaults:5 | Gained mutation: You have large cloven feet. [potion of beneficial mutation]
 60930 | Vaults:5 | Got a bound wooden ring
 60969 | Vaults:5 | Identified the cursed +0 large shield "Iptutoih" {rF+ MR+} (You found it on level 5 of the Vaults)
 61073 | Vaults:5 | Reached XP level 25. HP: 243/257 MP: 29/29
 61096 | Vaults:5 | Received a gift from Trog
 61104 | Vaults:5 | Got a silver rune of Zot
 61258 | Vaults:5 | Got a shimmering tin ring
 62137 | Lair:1   | Identified the ring of the Voivode {rC+ Int+3} (You found it on level 5 of the Vaults)
 62142 | Lair:1   | Identified the ring "Ucify" {rC+ MP+9 Int+2} (You found it on level 5 of the Vaults)
 62758 | Zot:1    | Entered Level 1 of the Realm of Zot
 65845 | Zot:3    | Received a gift from Trog
 66548 | Zot:4    | Reached XP level 26. HP: 202/266 MP: 29/29
 67056 | Zot:4    | Noticed an orb of fire
 67427 | Zot:5    | Entered Level 5 of the Realm of Zot
 67947 | Zot:5    | Noticed an ancient lich
 67952 | Zot:5    | Killed an ancient lich
 67954 | Zot:5    | Noticed an orb of fire
 67960 | Zot:5    | Noticed an ancient lich
 67966 | Zot:5    | Received a gift from Trog
 67968 | Zot:5    | Noticed an ancient lich
 67973 | Zot:5    | Noticed an orb of fire
 68824 | Zot:5    | Killed an ancient lich
 69071 | Zot:5    | Killed an orb of fire
 69097 | Zot:5    | Killed an ancient lich
 69736 | Zot:5    | Killed an orb of fire
 69736 | Zot:5    | Reached XP level 27. HP: 140/273 MP: 29/29
 70116 | Zot:5    | Got the Orb of Zot
 70254 | Zot:3    | Noticed Paopapyt the pandemonium lord
 70273 | Zot:2    | Noticed Nilujye the pandemonium lord
 70352 | Depths:5 | Noticed Guvyzom the pandemonium lord
 70456 | Depths:4 | Noticed Femmefus the pandemonium lord
 70580 | Depths:1 | Noticed Cushaid the pandemonium lord
 71035 | D:$      | Escaped with the Orb!

Vault maps used:
D:1:      lightli_iron_boxes
D:2:      kennysheep_goblin_castle, zin_statuary, serial_bayou_pond_a,
          fedhas_altar_2, uniq_sigmund, uniq_iyjb
D:3:      first_bread, uniq_robin
D:4:      lightli_sewer_entry_pipes, okawaru_ov_weapons_minmay, uniq_grinder
D:5:      makhleb_heckhound_becter
D:6:      hangedman_cross_stitches, serial_glass, glass_columns_b,
          glass_columns_b, serial_shops, shop, minivault_5,
          nicolae_elemental_shop
D:7:      minmay_opposing_rooms, gammafunk_temple_overflow_forgotten,
          lemuel_mausoleum_altar_yredelemnul, minmay_temple_entry_butterflies,
          grunt_ogre_cave
D:8:      due_lair_maze_entry_diamond, minmay_misc_feat_x,
          hangedman_glass_teeth, minivault_19, uniq_erica
D:9:      nicolae_dithmenos_shadow_blocks, uniq_joseph
D:10:     erik_orc_1, serial_undead, serial_undead_c, serial_undead_f,
          serial_undead_e, serial_undead_c, uniq_urug
D:13:     grunt_vaults_entry_fortified, uniq_maurice
D:14:     minmay_fountain_box, uniq_frances
D:15:     hangedman_depths_entry_civil_slaughter, grunt_decor_arrowhead,
          minivault_16
Lair:1:   uniq_harold
Lair:2:   serial_forest, infiniplex_forest_straight_2,
          infiniplex_forest_straight_4, infiniplex_forest_lined_room_2,
          infiniplex_forest_straight_2, infiniplex_forest_clump_small,
          infiniplex_forest_end_2
Lair:3:   shoals_dummy_entry, enter_volcano_2, grunt_megastairs_3,
          lemuel_fruit_tree
Lair:4:   guppyfry_snake_entry_garden, eino_small_chamber_without_monster,
          grunt_forest_large_clearings, uniq_sonja, uniq_maud
Lair:5:   nicolae_spider_entry_orb_guardian, grunt_megastairs_2
Lair:6:   serial_bayou_lagoon_a
Lair:7:   nicolae_slime_entry_slimehenge, basic_altar
Lair:8:   minmay_lair_end_enchanted_forest, minivault_25, zaba_antful_of_joy
Shoals:2: nicolae_shoals_isolated_beach
Shoals:3: st_shoals_ruin
Shoals:4: shoals_end_hangedman, shoal_ilsuiw
Spider:1: uniq_kirke, uniq_agnes
Spider:2: nicolae_spider_hall_of_the_moth_king, nicolae_spider_cling_ruins,
          uniq_asterion
Spider:3: guppyfry_wasp_nest, uniq_arachne, uniq_nikola, uniq_donald
Spider:4: grunt_spider_rune_circles
Orc:1:    nicolae_orc_accident_2, uniq_gastronok
Orc:2:    serial_shops, nicolae_shop_crystal, shop, shop, shop, uniq_fannar
Orc:3:    cheibrodos_orc_bank, portal_ice_cave_entry_ice_beasts,
          nicolae_orc_pool_cavern, mines2_david, uniq_snorg
Orc:4:    grunt_orc_community_town_hall, grunt_orc_community_big_house_2,
          grunt_orc_community_big_house_2, grunt_orc_community_house_1,
          grunt_orc_community_house_3, grunt_orc_community_house_3,
          grunt_orc_community_house_2, grunt_orc_community_house_2,
          grunt_orc_community_house_1, uniq_nessos
Vaults:1: nicolae_vaults_stairing_the_circle, nicolae_vaults_little_squares_1,
          hangedman_vaults_river_flow, nicolae_vaults_minivaults,
          v_alt_pattern_4, vaults_dpeg_hooks, hangedman_vaults_variations,
          serial_shops, shop
Vaults:2: ontoclasm_vaults_ring_small, v_alt_pattern_3,
          nicolae_vaults_border_crossing, vaults_room_stairs_pillars,
          minmay_crypt_entry_simple_walls, vaults_room_fours,
          nicolae_vaults_big_ls, ontoclasm_vaults_twist, v_misc_1,
          ontoclasm_vaults_claustrophobia, vaults_mumra_lcd,
          hangedman_vaults_hat, special_room_vaults,
          hangedman_vaults_stretched_pinwheel, uniq_frederick
Vaults:3: nicolae_vaults_hallways_thing, nicolae_vaults_little_squares_2,
          v_misc_16, ontoclasm_vaults_decontamination, v_misc_27,
          nicolae_vaults_ninety_degrees, grunt_vaults_funnel, v_misc_29,
          v_misc_16, dpeg_vaults_monster_row, vaults_standard_mumra_x,
          nicolae_vaults_little_squares_3
Vaults:4: st_smaller_cells, vaults_room_large_hall,
          vaults_standard_mumra_enter_the_diamond, vaults_mumra_minichess,
          nicolae_vaults_asterisk, vaults_room_fancy_cross,
          nicolae_vaults_angled_halls, grunt_vaults_trifunnel,
          vaults_mumra_chevron_long, hangedman_vaults_corner_blocks,
          grunt_vaults_twisty, grunt_vaults_hallway_short, basic_altar,
          serial_shops, bzr_entry_safe
Vaults:5: serial_shops
Depths:1: lightli_too_deep, minmay_misc_feat_cross, hex_large,
          grunt_ministairs_13, st_stairs_8, nrook_kobold_shadow_demons
Depths:2: minmay_haunted_quarter, enter_ziggurat_b,
          serial_sigils_hangedman_snap, pf_coc_iceberg, abyss_entry
Depths:3: hangedman_six_sided_sadism, pan_entry, hell_entry, minmay_holes,
          moated_statue, hangedman_decor_peaks_small, ashenzari_altar_1,
          serial_bayou_shore_b, basic_stair_grate_trap,
          infiniplex_staircase_spiral_double, serial_bayou_shore_b,
          uniq_enchantress
Depths:4: lightli_tower_of_babel, serial_column_ruins,
          column_ruins_portal_astroid, column_ruins_corridor_corner,
          column_ruins_corridor_dead_end, column_ruins_open_small,
          column_ruins_grid_4, minmay_room_of_horrors, minmay_misc_feat_plants,
          serial_shops, kennysheep_mini, hell_entry, minmay_misc_feat_pillars,
          kennysheep_generic_room_5
Depths:5: hangedman_slaughterboxes, hell_entry, abyss_entry
Zot:1:    hangedman_zot_decor_checkerboard
Zot:2:    grunt_zot_stairs_faceoff, lemuel_elevator
Zot:4:    nrook_zot_tub
Zot:5:    st_stairs_10, grunt_ministairs_13, basic_stair_grate_trap
Abyss:1:  evilmike_abyss_exit_10
Bazaar:   bazaar_outfitter
Sewer:    sewer_frog_island_02
IceCv:    ice_cave_caverns_03
Volcano:  volcano_village

Action                   |  1- 3 |  4- 6 |  7- 9 | 10-12 | 13-15 | 16-18 | 19-21 | 22-24 | 25-27 || total
-------------------------+-------+-------+-------+-------+-------+-------+-------+-------+-------++-------
Melee: Hand axe          |    38 |   158 |   396 |       |       |       |       |       |       ||   592
       War axe           |       |       |    57 |   587 |    43 |    75 |       |       |       ||   762
       Battleaxe         |       |       |       |    49 |       |       |       |       |       ||    49
       Scythe            |       |       |       |    13 |       |       |       |       |       ||    13
       Broad axe         |       |       |       |    66 |  1307 |  1392 |  1524 |  1270 |  1083 ||  6642
Throw: Tomahawk          |       |       |       |    64 |     3 |       |       |       |       ||    67
       Javelin           |       |       |       |     3 |    20 |    75 |    33 |    20 |    15 ||   166
Invok: Berserk           |     1 |     3 |     2 |     3 |     2 |       |       |     2 |       ||    13
       Trog's Hand       |       |       |       |     5 |     9 |     9 |     7 |    19 |    10 ||    59
       Brothers in Arms  |       |       |       |     5 |     7 |     9 |     7 |     8 |     3 ||    39
       Burn Spellbooks   |       |       |       |       |     2 |       |       |     1 |     6 ||     9
 Abil: Evoke Blink       |       |       |       |       |       |     1 |       |       |     2 ||     3
Evoke: Wand              |       |       |       |       |       |     2 |     6 |    23 |    11 ||    42
       Disc of storms    |       |       |       |       |       |       |       |       |     1 ||     1
  Use: Scroll            |     3 |     8 |    10 |    14 |    15 |    16 |     6 |     9 |     8 ||    89
       Potion            |       |       |     1 |     2 |     2 |     4 |     2 |     4 |    12 ||    27
 Stab: Fleeing           |       |       |       |       |     1 |       |       |       |       ||     1
       Distracted        |       |       |       |       |     3 |     1 |       |     3 |     1 ||     8
       Invisible         |       |       |       |       |       |       |       |       |     1 ||     1
  Eat: Chunk             |       |     5 |    12 |     8 |    34 |    15 |    17 |     9 |       ||   100
       Bread ration      |       |     1 |     1 |     7 |     2 |     6 |     3 |     4 |     4 ||    28
       Fruit             |       |       |       |       |     4 |     7 |       |       |       ||    11
       Pizza             |       |       |       |       |     3 |       |     2 |     1 |       ||     6
       Meat ration       |       |       |       |       |       |     1 |     1 |     2 |     4 ||     8
       Beef jerky        |       |       |       |       |       |       |     1 |     1 |       ||     2
